 Dungeon Crawl Stone Soup version 0.30.1-1-g62c8e00024 (webtiles) character file.

Game seed: 17173191072013229982

51 Gorgoleon the Shooter (level 4, -1/33 HPs)
             Began as a Human Hunter on July 18, 2023.
             Slain by an orc priest
             ... wielding a +0 club
              (4 damage)
             ... on level 2 of the Dungeon.
             The game lasted 00:03:39 (1525 turns).

Gorgoleon the Shooter (Human Hunter)                Turns: 1525, Time: 00:03:40

Health: -1/33      AC:  3    Str: 12    XL:     4   Next: 7%
Magic:  4/4        EV: 12    Int:  9    God:
Gold:   124        SH:  0    Dex: 18    Spells: 3/3 levels left

rFire   . . .        a - +0 shortbow
rCold   . . .        (shield currently unavailable)
rNeg    . . .        c - +0 leather armour
rPois   .            (no helmet)
rElec   .            (no cloak)
rCorr   .            (no gloves)
SInv    .            (no boots)
Will    .....        (no amulet)
Stlth   ++           (no ring)
HPRegen 0.25/turn    (no ring)
MPRegen 0.09/turn

%: no passive effects
@: brilliant, flying, hasted, very quick
A: no striking features
a: no special abilities


You were on level 2 of the Dungeon.
You visited 1 branch of the dungeon, and saw 3 of its levels.

You collected 124 gold pieces.

Inventory:

Hand Weapons
 a - a +0 shortbow (weapon)
 e - a +3 dagger of speed
Armour
 c - a +0 leather armour (worn)
 d - a +0 buckler
Jewellery
 q - an amulet of faith
Scrolls
 b - a scroll of immolation
 h - 3 scrolls of enchant weapon {unknown}
 i - 4 scrolls of teleportation {unknown}
 j - 3 scrolls of identify {unknown}
 k - a scroll of fear {unknown}
 l - a scroll of amnesia {unknown}
 o - a scroll of magic mapping {unknown}
 p - a scroll of noise {unknown}
Potions
 g - 2 potions of brilliance
 n - a potion of resistance {unknown}


   Skills:
 - Level 2.0 Fighting
 + Level 5.2 Ranged Weapons
 * Level 0.4 Armour
 * Level 2.2 Dodging
 - Level 1.0 Stealth


You had 3 spell levels left.
You didn't know any spells.
Your spell library was empty.

Dungeon Overview and Level Annotations

Branches:
Dungeon (3/15)

Altars:

Annotations:
D:2 1 runed translucent door, Crazy Yiuf


Message History

The orc hits you but does no damage.
You shoot an arrow.
The arrow hits the orc but does no damage.
The orc is almost dead.
The orc barely misses you. The orc hits you with a +0 short sword.
You shoot an arrow.
The arrow hits the orc but does no damage.
The orc is almost dead.
The orc hits you with a +0 short sword.
You shoot an arrow.
The arrow hits the orc but does no damage.
The orc is almost dead.
The orc priest calls upon Beogh to heal the orc.
The orc is healed somewhat.
The orc misses you.
You shoot an arrow. The arrow hits the orc!
You kill the orc!
The orc priest looks satisfied for a moment.
You shoot an arrow.
The arrow closely misses the orc priest.
The orc priest hits you but does no damage.
You shoot an arrow.
The arrow closely misses the orc priest.
The orc priest hits you with a +0 club.
You shoot an arrow.
The arrow closely misses the orc priest.
The orc priest calls down the wrath of Beogh upon you.
Pain shoots through your body!
* * * LOW HITPOINT WARNING * * *
The orc priest hits you with a +0 club.
* * * LOW HITPOINT WARNING * * *
It was a potion of haste.
You feel yourself speed up. The orc priest misses you.
You shoot an arrow. The arrow barely misses the orc priest.
The orc priest misses you.
It was a potion of brilliance.
You feel clever all of a sudden.
It was a potion of flight.
You feel very buoyant.
You fly up into the air.
The orc priest hits you with a +0 club.
You die...

###............#.#
###.#####.####.#.#
....#####.####.#.#
..........^.....>#
###.#.....##.....#
#.#.....##..##)#
#.#........###.#
#.#.....##.# #o#
#.###.####.# #@#
#.#...# #.# #.# #.#.###
#.# #.#
###...######.###.######
......................#
.....######.####.####.#
...### #.# #.# #.# ...#
#.# #.# #.# ...#
#.####.# #.#


You could see an orc priest.

Vanquished Creatures
  2 dart slugs (D:2)
  3 orcs
  6 endoplasms
  3 giant cockroaches
  5 goblins
  3 hobgoblins
  A quokka (D:1)
  2 ball pythons
  7 bats
  A frilled lizard (D:2)
  5 kobolds
  2 rats
40 creatures vanquished.

Notes
Turn   | Place    | Note
-------+----------+-------------------------------------------
     0 | D:1      | Gorgoleon the Human Hunter began the quest for the Orb.
     0 | D:1      | Reached XP level 1. HP: 16/16 MP: 1/1
   100 | D:1      | Reached XP level 2. HP: 22/22 MP: 2/2
   201 | D:1      | Found a faded altar of an unknown god.
   361 | D:1      | Reached XP level 3. HP: 27/27 MP: 3/3
   843 | D:2      | Reached skill level 5 in Ranged Weapons
  1237 | D:2      | Found a runed translucent door.
  1238 | D:2      | Noticed Crazy Yiuf
  1503 | D:3      | Reached XP level 4. HP: 33/33 MP: 4/4
  1525 | D:2      | Slain by an orc priest

Illustrated notes

Levels and vault maps discovered:
D:1:      mrwooster_arrival_statue, layout_loops_ring,
          shapermc_ecumenical_altar_starsandcircs, st_stairs_9
D:2:      layout_basic, st_stairs_3, uniq_crazy_yiuf_cottage
D:3:      layout_loops_ring, mainiacjoe_overflow_divided_tiny

Skill      XL: |  1  2  3 |
---------------+----------+-----
Ranged Weapons | 5 |  5.2
Fighting       | |  2.0
Armour         | |  0.4
Dodging        | |  2.2
Stealth        | |  1.0

Action                     |  1- 3 |  4- 6 || total
---------------------------+-------+-------++-------
   Fire: Shortbow          |    94 |    13 ||   107
    Use: Potion            |       |     3 ||     3
 Armour: Leather armour    |    10 |     2 ||    12
  Dodge: Dodged            |    37 |     7 ||    44
